 Dungeon Crawl Stone Soup version 0.23.2-30-g0e89c35649 (webtiles) character file.

Game seed: 1566987097477132068

158 doot the Caller (level 5, -1/29 HPs)
             Began as a Tengu Summoner on June 14, 2019.
             Slain by an orc
             ... wielding a +0 war axe
              (12 damage)
             ... on level 4 of the Dungeon.
             The game lasted 00:04:49 (1842 turns).

doot the Caller (Tengu Summoner)                    Turns: 1842, Time: 00:04:49

Health: -1/29      AC:  2    Str:  9    XL:     5   Next: 39%
Magic:  2/9        EV: 20    Int: 16    God:
Gold:   69         SH:  0    Dex: 14    Spells: 3/9 levels left

rFire    . . .     SeeInvis .   h - +0 mace
rCold    . . .     Gourm    .   (no shield)
rNeg     . . .     Faith    .   a - +0 robe
rPois    .         Spirit   .   (helmet restricted)
rElec    .         Reflect  .   (no cloak)
rCorr    .         Harm     .   (no gloves)
MR       .....                  (boots unavailable)
Stlth    ++........             f - amulet of regeneration
HPRegen  0.49/turn              p - +5 ring of evasion
MPRegen  0.11/turn              (no ring)

@: flying quickly and evasively, very slightly contaminated, quick
A: beak, talons 3, able to fly
a: Stop Flying


You were on level 4 of the Dungeon.
You were hungry.

You visited 1 branch of the dungeon, and saw 4 of its levels.

You collected 69 gold pieces.

Inventory:

Hand Weapons
 b - a +0 dagger
 h - a +0 mace (weapon)
Armour
 a - a +0 robe (worn)
Jewellery
 f - an amulet of regeneration (around neck)
 p - a +5 ring of evasion (left hand)
Scrolls
 d - a scroll of enchant armour {unknown}
 i - a scroll of teleportation {unknown}
 j - 2 scrolls of identify {unknown}
 l - 2 scrolls of fear {unknown}
 n - a scroll of immolation {unknown}
 r - a scroll of remove curse {unknown}
Potions
 e - 2 potions of agility {unknown}
 g - a potion of curing {unknown}
 k - a potion of degeneration {unknown}
 m - a potion of heal wounds {unknown}
 q - a potion of lignification {unknown}
Comestibles
 c - a ration
 o - 6 chunks of flesh


   Skills:
 + Level 1.0 Fighting
 + Level 2.4 Maces & Flails
 + Level 2.8 Dodging
 + Level 2.7 Stealth
 + Level 2.6 Spellcasting
 + Level 5.7 Summonings


You had 3 spell levels left.
You knew the following spells:

 Your Spells              Type           Power        Failure   Level  Hunger
a - Summon Small Mammal   Summ           ###.         1%          1    #......
b - Call Imp              Summ           ###.....     2%          2    ##.....
c - Call Canine Familiar  Summ           ###.....     5%          3    ###....

Your spell library contained the following spells:

 Spells                   Type           Power        Failure   Level  Hunger
 Summon Guardian Golem    Hex/Summ       ##......     19%         3    ###....
 Summon Ice Beast         Ice/Summ       ##......     52%         4    #####..
 Summon Lightning Spire   Summ/Air       ##......     52%         4    #####..


Dungeon Overview and Level Annotations

Branches:
Dungeon (4/15)
 Temple: D:4-7

Altars:


Innate Abilities, Weirdness & Mutations

You have a beak for a mouth.
You have claws for feet.
You can fly continuously.


Message History

Something closely misses your hound.
Your hound bites something.
Something closely misses your hound.
Your hound closely misses something.
Casting: Call Canine Familiar (safe; 5% risk of failure)
Confirm with . or Enter, or press ? or * to list all spells.
Your hound disappears in a puff of smoke!
You hear some strange, mumbled words.
A puff of frost appears from out of thin air!
The puff of frost hits you!
Unknown command.
Something hits you.
You barely miss something. Your kick misses something. Something hits you.
You hit something.
Reactivating autopickup.
You feel a bit more experienced.
You barely miss the orc. The orc hits you with a +0 war axe.
You closely miss the orc. You peck the orc.
The orc is moderately wounded.
The orc hits you with a +0 war axe!
You die...

# .#### #...#####
#........ ...... # #...
#..###.###################
#.....Zoo@h...............
#
#..###.###################
.


o{o ...# ....... # # ###.. ####... . .... #..# # #.### #######..# ######## #+#
.......... #......# ######.#. #......#. #.....#. You could see 2 orcs, an adder
skeleton and a friendly hound.

Vanquished Creatures
  2 orc wizards (D:4)
  A hound skeleton (D:4)
  3 orcs (D:4)
  5 bats
  A giant cockroach (D:1)
  6 goblins
  4 hobgoblins
  6 jackals
  A quokka (D:3)
  A ball python (D:2)
  3 frilled lizards (D:2)
  6 kobolds
  2 rats
41 creatures vanquished.

Vanquished Creatures (collateral kills)
  An ogre (D:4)
  An adder (D:2)
  An ooze (D:2)
  3 worms
  A dart slug (D:3)
  2 goblins (D:1)
  A quokka (D:3)
  A kobold (D:2)
  A rat (D:3)
12 creatures vanquished.

Grand Total: 53 creatures vanquished

Notes
Turn   | Place    | Note
-------+----------+-------------------------------------------
     0 | D:1      | doot the Tengu Summoner began the quest for the Orb.
     0 | D:1      | Reached XP level 1. HP: 10/10 MP: 4/4
   106 | D:1      | Reached skill level 5 in Summonings
   151 | D:1      | Reached XP level 2. HP: 11/15 MP: 6/6
   171 | D:1      | Learned a level 2 spell: Call Imp
   638 | D:1      | Reached XP level 3. HP: 19/19 MP: 7/7
   643 | D:1      | Learned a level 3 spell: Call Canine Familiar
   769 | D:2      | Reached skill level 1 in Maces & Flails
  1440 | D:4      | Reached XP level 4. HP: 21/24 MP: 8/8
  1480 | D:4      | Noticed an ogre
  1605 | D:4      | Killed an ogre
  1721 | D:4      | Gained mutation: You can fly continuously. [Tengu growth]
  1721 | D:4      | Reached XP level 5. HP: 28/28 MP: 9/9
  1778 | D:4      | Reached skill level 1 in Fighting
  1842 | D:4      | Slain by an orc

Skill      XL: |  1  2  3  4  5 |
---------------+----------------+-----
Summonings     | 5 |  5.7
Maces & Flails | 2 |  2.4
Fighting       | 1 |  1.0
Dodging        | |  2.8
Stealth        | |  2.7
Spellcasting   | |  2.6

Action                   |  1- 3 |  4- 6 || total
-------------------------+-------+-------++-------
Melee: Mace              |    82 |    24 ||   106
       Dagger            |     2 |       ||     2
       Kick              |    13 |     6 ||    19
       Peck              |     7 |     5 ||    12
 Cast: Summon Small Mamm |     5 |       ||     5
       Call Canine Famil |     4 |     6 ||    10
       Call Imp          |     2 |     2 ||     4
 Abil: Fly               |       |     1 ||     1
 Stab: Sleeping          |     5 |       ||     5
  Eat: Chunk             |     2 |     2 ||     4
Armor: Robe              |    20 |     2 ||    22
Dodge: Dodged            |    69 |    23 ||    92
